 Dungeon Crawl Stone Soup version 0.29.1-1-gd02db6906a (webtiles) character file.

Game seed: 8272052078868741738

98 Iusername the Trooper (level 4, -1/40 HPs)
             Began as a Hill Orc Fighter on Oct 6, 2022.
             Slain by a river rat (6 damage)
             ... on level 3 of the Dungeon.
             The game lasted 00:01:48 (2168 turns).

Iusername the Trooper (Hill Orc Fighter)            Turns: 2168, Time: 00:01:49

Health: -1/40      AC:  7    Str: 20    XL:     4   Next: 71%
Magic:  4/4        EV:  9    Int:  8    God:
Gold:   229        SH:  4    Dex: 10    Spells: 3/3 levels left

rFire   . . .      SeeInvis .   a - +0 long sword
rCold   . . .      Faith    .   c - +0 buckler
rNeg    . . .      Spirit   .   b - +0 scale mail
rPois   .          Reflect  .   (no helmet)
rElec   .          Harm     .   (no cloak)
rCorr   .          Rampage  .   (no gloves)
Will    .....                   (no boots)
Stlth   ..........              (no amulet)
HPRegen 0.13/turn               (no ring)
MPRegen 0.09/turn               (no ring)

@: very slow
A: no striking features
a: no special abilities


You were on level 3 of the Dungeon.
You visited 1 branch of the dungeon, and saw 3 of its levels.

You collected 229 gold pieces.

Inventory:

Hand Weapons
 a - a +0 long sword (weapon)
Armour
 b - a +0 scale mail (worn)
 c - a +0 buckler (worn)
Scrolls
 e - a scroll of noise {unknown}
 i - a scroll of blinking {unknown}
 j - a scroll of butterflies {unknown}
 k - a scroll of identify {unknown}
 m - a scroll of fear {unknown}
 n - 2 scrolls of poison {unknown}
 o - a scroll of teleportation {unknown}
 p - a scroll of amnesia {unknown}
 q - 2 scrolls of magic mapping {unknown}
Potions
 d - a potion of might
 f - 3 potions of heal wounds {unknown}
 g - 2 potions of curing {unknown}
 h - 2 potions of magic {unknown}
 l - a potion of brilliance {unknown}


   Skills:
 + Level 4.2 Fighting
 + Level 3.7 Long Blades
 + Level 3.9 Armour
 + Level 0.3 Dodging
 + Level 3.7 Shields


You had 3 spell levels left.
You didn't know any spells.
Your spell library contained the following spells:

 Spells                   Type           Power      Damage    Failure   Level
 Dazzling Flash           Conj/Hex       0%         N/A       99%         3
 Iskenderun's Mystic Bla  Conj/Tloc      0%         2d3       100%        4
 Starburst                Conj/Fire      0%         6d3       100%        6


Dungeon Overview and Level Annotations

Branches:
Dungeon (3/15)

Altars:


Message History

You hit the adder.
The adder is almost dead.
The adder barely misses you. x2
Your unstable footing causes you to fumble your attack.
The adder bites you but does no damage. x2
Your unstable footing causes you to fumble your attack.
The adder barely misses you.
You barely miss the adder.
The adder is almost dead.
The adder closely misses you. The adder bites you but does no damage.
Your unstable footing causes you to fumble your attack.
The adder bites you but does no damage.
You slash the adder!
You kill the adder!
You see here a river rat corpse.
A river rat comes into view.
The river rat moves out of view.
A worm comes into view.
A river rat comes into view.
The river rat barely misses you.
The river rat moves out of view.
The river rat bites you. You block the river rat's attack.
Your unstable footing causes you to fumble your attack.
The river rat bites you but does no damage.
Your unstable footing causes you to fumble your attack.
The river rat bites you but does no damage.
You hit the river rat but do no damage.
The river rat bites you but does no damage.
The river rat bites you!
Your unstable footing causes you to fumble your attack.
The river rat bites you but does no damage.
You closely miss the river rat. The river rat misses you.
You closely miss the river rat. The river rat bites you.
* * * LOW HITPOINT WARNING * * *
You barely miss the river rat. The river rat bites you.
* * * LOW HITPOINT WARNING * * *
The river rat bites you.
* * * LOW HITPOINT WARNING * * *
Your unstable footing causes you to fumble your attack.
The river rat bites you.
You die...

##.# ##..# ###
....###.#######
......†.......#
.....##.########
...............### ###
#.##.###.#######~######~##
.........######~~~~~~†~~~#
#.##..#<......#~@~####~~~#
#.##..#...######r## ##~##
..........# #w# #†#
#.##..#.#.# #r# #†#
..##..#.#.# #~# ##~##
####.†#.#.# ~~~ #~~~#
#..#.#.# ~~~ #~~~# ##
#..#.#.# ####~######~##..
#..#.#.###..###....#.#.###


You could see a worm and 2 river rats.

Vanquished Creatures
  3 adders
  A river rat (D:3)
  3 worms
  3 dart slugs (D:2)
  6 bats
  4 endoplasms
  5 goblins
  3 hobgoblins
  5 jackals (D:2)
  2 quokkas (D:3)
  7 ball pythons
  A frilled lizard (D:3)
  4 rats (D:2)
47 creatures vanquished.

Notes
Turn   | Place    | Note
-------+----------+-------------------------------------------
     0 | D:1      | Iusername the Hill Orc Fighter began the quest for the Orb.
     0 | D:1      | Reached XP level 1. HP: 19/19 MP: 1/1
   250 | D:1      | Reached XP level 2. HP: 24/27 MP: 2/2
   767 | D:1      | Found a faded altar of an unknown god.
  1023 | D:2      | Reached XP level 3. HP: 24/33 MP: 3/3
  1314 | D:2      | Reached skill level 4 in Fighting
  1415 | D:2      | Identified the +6 whip of Vauresch {spect, +Blink Int-3
                  | Dex+4 SInv}
  1612 | D:2      | Reached XP level 4. HP: 28/40 MP: 4/4
  2168 | D:3      | Slain by a river rat

Illustrated notes

Levels and vault maps discovered:
D:1:      psy_arrival_conway, layout_basic, shapermc_ecumenical_altar_gd
D:2:      layout_basic, grunt_decor_clamped, minmay_parallelograms,
          kennysheep_generic_room_13
D:3:      layout_basic, mainiacjoe_overflow_two_lobes, gup_sewer_entry_bubbles,
          minmay_misc_feat_doors, uniq_terence

Skill      XL: |  1  2  3 |
---------------+----------+-----
Long Blades    | 3 |  3.7
Fighting       | 4 |  4.2
Armour         | |  3.9
Dodging        | |  0.3
Shields        | |  3.7

Action                   |  1- 3 |  4- 6 || total
-------------------------+-------+-------++-------
Melee: Long sword        |   106 |    81 ||   187
Armor: Scale mail        |    51 |    65 ||   116
Dodge: Dodged            |    52 |    59 ||   111
Block: Buckler           |    23 |    23 ||    46
